AZL
CINCINNATI (AZL) REDS @ CLEVELAND (AZL) GUARDIANS
08/10/2099
 
TOP OF THE 1ST
Cincinnati (AZL) Reds batting - Pitching for Cleveland (AZL) Guardians : LHP Jesus Santiago
Pitching: LHP Jesus Santiago
Batting: SHB Willie Ruiz 0-0: Ball
1-0: Ball
2-0: Bunted foul
2-1: Ball
3-1: SINGLE (Line Drive, 9S, EV 97.5 MPH)
Batting: RHB Matt Williams 0-0: Ball
Willie Ruiz is caught stealing 2nd base 2-4
1-0: Swinging Strike
1-1: Called Strike
1-2: SOLO HOME RUN (Flyball, 7D, EV 98.8 MPH), Distance : 376 ft
Batting: LHB Steve Anderson 0-0: Called Strike
0-1: Foul Ball, location: 2F
0-2: Ball
1-2: Ground out 4-3 (Groundball, 4, EV 103.1 MPH)
Batting: SHB John Robinson 0-0: Called Strike
0-1: Ball
1-1: Foul Ball, location: 9LSF
1-2: Ground out 6-3 (Groundball, 6, EV 89.4 MPH)
Top of the 1st over - 1 run, 2 hits, 0 errors, 0 left on base; Cincinnati (AZL) 1 - Cleveland (AZL) 0
BOTTOM OF THE 1ST
Cleveland (AZL) Guardians batting - Pitching for Cincinnati (AZL) Reds : LHP Pedro Martinez
Pitching: LHP Pedro Martinez
Batting: RHB Eddie Hall 0-0: Ball
1-0: Ball
2-0: Foul Ball, location: 5F
2-1: Fly out, F6 (Line Drive, 6, EV 68.8 MPH)
Batting: RHB Frank Gamez 0-0: Called Strike
0-1: Fly out, F4 (Popup, 34D, EV 58.8 MPH)
Batting: RHB Sandy Ortega 0-0: Ground out 6-3 (Groundball, 56D, EV 99.4 MPH)
Bottom of the 1st over - 0 runs, 0 hits, 0 errors, 0 left on base; Cincinnati (AZL) 1 - Cleveland (AZL) 0
TOP OF THE 2ND
Cincinnati (AZL) Reds batting - Pitching for Cleveland (AZL) Guardians : LHP Jesus Santiago
Batting: RHB Michael Draper 0-0: Ball
1-0: Called Strike
1-1: Called Strike
1-2: Ball
2-2: Ball
3-2: Foul Ball, location: 25F
3-2: SINGLE (Line Drive, 6D, EV 106.9 MPH)
Batting: RHB Ramiro Sanchez 0-0: Called Strike
0-1: Ball
1-1: Fly out, F7 (Flyball, 7LSF, EV 85.0 MPH)
Batting: LHB Luke Jenkins 0-0: Ball
1-0: Called Strike
1-1: Ball
2-1: Called Strike
2-2: Fly out, F8 (Flyball, 8RD, EV 105.6 MPH)
Batting: RHB Nick Guerin 0-0: Called Strike
0-1: Fly out, F9 (Flyball, 9, EV 89.4 MPH)
Top of the 2nd over - 0 runs, 1 hit, 0 errors, 1 left on base; Cincinnati (AZL) 1 - Cleveland (AZL) 0
BOTTOM OF THE 2ND
Cleveland (AZL) Guardians batting - Pitching for Cincinnati (AZL) Reds : LHP Pedro Martinez
Batting: RHB Jerry Samaniego 0-0: Fly out, F9 (Flyball, 89S, EV 85.0 MPH)
Batting: LHB Jimmy Pirollo 0-0: DOUBLE (Line Drive, 9LM, EV 105.6 MPH)
Batting: RHB Jesse Ellison 0-0: Ball
1-0: Foul Ball, location: 7LMF
1-1: Swinging Strike
1-2: Ball
2-2: Strikes out swinging, 2-3 out at first.
Batting: LHB Greg Novotney 0-0: Called Strike
0-1: Ball
1-1: Called Strike
1-2: Strikes out swinging
Bottom of the 2nd over - 0 runs, 1 hit, 0 errors, 1 left on base; Cincinnati (AZL) 1 - Cleveland (AZL) 0
TOP OF THE 3RD
Cincinnati (AZL) Reds batting - Pitching for Cleveland (AZL) Guardians : LHP Jesus Santiago
Batting: LHB Pedro Puente 0-0: Foul Ball, location: 5SF
0-1: Called Strike
0-2: Foul Ball, location: 2F
0-2: Ball
1-2: Strikes out swinging
Batting: SHB Willie Ruiz 0-0: Called Strike
0-1: Swinging Strike
0-2: Strikes out looking
Batting: RHB Matt Williams 0-0: Ball
1-0: Called Strike
1-1: Foul Ball, location: 9LDF
1-2: Ball
2-2: Ball
3-2: Fly out, F8 (Flyball, 8RXD, EV 106.3 MPH)
Top of the 3rd over - 0 runs, 0 hits, 0 errors, 0 left on base; Cincinnati (AZL) 1 - Cleveland (AZL) 0
BOTTOM OF THE 3RD
Cleveland (AZL) Guardians batting - Pitching for Cincinnati (AZL) Reds : LHP Pedro Martinez
Batting: RHB Jose Ramirez 0-0: Foul Ball, location: 2F
0-1: SINGLE (Line Drive, 9S, EV 111.3 MPH)
Batting: RHB Steve Riley 0-0: Ball
1-0: Sac Bunt to 13 - play at first, batter OUT! 1-3
Jose Ramirez to second
Batting: RHB Eddie Hall 0-0: Foul Ball, location: 2F
0-1: Ball
1-1: 2-RUN HOME RUN (Flyball, 78XD, EV 110.6 MPH), Distance : 416 ft
Batting: RHB Frank Gamez 0-0: Ball
1-0: Foul Ball, location: 3F
1-1: Ball
2-1: Foul Ball, location: 9LDF
2-2: Strikes out swinging
Batting: RHB Sandy Ortega 0-0: Foul Ball, location: 2F
0-1: SINGLE (Groundball, 6D, EV 97.5 MPH)
Batting: RHB Jerry Samaniego 0-0: Ball
1-0: Called Strike
1-1: Ball
2-1: Fielders Choice at 2nd, 6-4 (Groundball, 6, EV 102.5 MPH)
Bottom of the 3rd over - 2 runs, 3 hits, 0 errors, 1 left on base; Cincinnati (AZL) 1 - Cleveland (AZL) 2
TOP OF THE 4TH
Cincinnati (AZL) Reds batting - Pitching for Cleveland (AZL) Guardians : LHP Jesus Santiago
Batting: LHB Steve Anderson 0-0: Ball
1-0: Fly out, F8 (Line Drive, 8RD, EV 95.0 MPH)
Batting: SHB John Robinson 0-0: Called Strike
0-1: Ball
1-1: Foul Ball, location: 5SF
1-2: Foul Ball, location: 2F
1-2: Ball
2-2: Foul Ball, location: 9LDF
2-2: Strikes out swinging
Batting: RHB Michael Draper 0-0: Foul Ball, location: 9LMF
0-1: Called Strike
0-2: SINGLE (Line Drive, 9S, EV 109.4 MPH)
Batting: RHB Ramiro Sanchez 0-0: Called Strike
0-1: Ball
1-1: Ball
2-1: SINGLE (Groundball, 3D, EV 101.9 MPH)
Michael Draper to second
Runner from 2nd tries for 3rd, SAFE, no throw by RF
Batting: LHB Luke Jenkins 0-0: Ball
1-0: Ball
2-0: Foul Ball, location: 25FF
2-1: Ball
3-1: SINGLE (Groundball, 6MD, EV 96.3 MPH)
Michael Draper scores
Ramiro Sanchez to second
Runner from 2nd tries for 3rd, SAFE, throw by CF made to third
Batting: RHB Nick Guerin 0-0: Ball
1-0: Fly out, F7 (Flyball, 78S, EV 86.3 MPH)
Top of the 4th over - 1 run, 3 hits, 0 errors, 2 left on base; Cincinnati (AZL) 2 - Cleveland (AZL) 2
BOTTOM OF THE 4TH
Cleveland (AZL) Guardians batting - Pitching for Cincinnati (AZL) Reds : LHP Pedro Martinez
Batting: LHB Jimmy Pirollo 0-0: Called Strike
0-1: Ball
1-1: Foul Ball, location: 2F
1-2: Foul Ball, location: 7LSF
1-2: Ball
2-2: Ground out 4-3 (Groundball, 4, EV 87.5 MPH)
Batting: RHB Jesse Ellison 0-0: Ball
1-0: Swinging Strike
1-1: Ball
2-1: Ground out 5-3 (Groundball, 5L, EV 87.5 MPH)
Batting: LHB Greg Novotney 0-0: Ball
1-0: Called Strike
1-1: Ball
2-1: Foul Ball, location: 9LSFF
2-2: Foul Ball, location: 7LDF
2-2: Ball
3-2: Foul Ball, location: 2F
3-2: Foul Ball, location: 7LMF
3-2: Base on Balls
Batting: RHB Jose Ramirez 0-0: Ball
1-0: Ball
Greg Novotney is caught stealing 2nd base 2-4
Bottom of the 4th over - 0 runs, 0 hits, 0 errors, 0 left on base; Cincinnati (AZL) 2 - Cleveland (AZL) 2
TOP OF THE 5TH
Cincinnati (AZL) Reds batting - Pitching for Cleveland (AZL) Guardians : LHP Jesus Santiago
Batting: LHB Pedro Puente 0-0: Swinging Strike
0-1: Swinging Strike
0-2: Ball
1-2: Strikes out swinging
Pitching: RHP Roberto Cruz
Batting: SHB Willie Ruiz 0-0: Ball
1-0: Ball
2-0: Swinging Strike
2-1: Fly out, F7 (Flyball, 78S, EV 90.6 MPH)
Batting: RHB Matt Williams 0-0: Called Strike
0-1: Ball
1-1: Ball
2-1: Ball
3-1: Base on Balls
Batting: LHB Steve Anderson 0-0: Swinging Strike
0-1: Swinging Strike
0-2: Strikes out swinging
Top of the 5th over - 0 runs, 0 hits, 0 errors, 1 left on base; Cincinnati (AZL) 2 - Cleveland (AZL) 2
BOTTOM OF THE 5TH
Cleveland (AZL) Guardians batting - Pitching for Cincinnati (AZL) Reds : LHP Pedro Martinez
Batting: RHB Jose Ramirez 0-0: Called Strike
0-1: Ball
1-1: Ground out 4-3 (Groundball, 4, EV 105.0 MPH)
Batting: RHB Steve Riley 0-0: Ball
1-0: Foul Ball, location: 5F
1-1: Ball
2-1: Ball
3-1: Fly out, F7 (Flyball, 7S, EV 78.8 MPH)
Batting: RHB Eddie Hall 0-0: Swinging Strike
0-1: Fly out, F9 (Line Drive, 9D, EV 86.9 MPH)
Bottom of the 5th over - 0 runs, 0 hits, 0 errors, 0 left on base; Cincinnati (AZL) 2 - Cleveland (AZL) 2
TOP OF THE 6TH
Cincinnati (AZL) Reds batting - Pitching for Cleveland (AZL) Guardians : RHP Roberto Cruz
Batting: SHB John Robinson 0-0: Foul Ball, location: 7LDF
0-1: Called Strike
0-2: Strikes out swinging
Batting: RHB Michael Draper 0-0: Ball
1-0: Ball
2-0: Ball
3-0: Called Strike
3-1: TRIPLE (Flyball, 89XD, EV 90.6 MPH)
Batting: RHB Ramiro Sanchez 0-0: Called Strike
0-1: Foul Ball, location: 5F
0-2: Ball
1-2: Ball
2-2: Foul Ball, location: 2F
2-2: Foul Ball, location: 2LF
2-2: Strikes out swinging
Pinch Hitting: LHB Brett Crump 0-0: Called Strike
0-1: Ball
1-1: Ball
2-1: Fly out, F5 (Popup, 56, EV 61.9 MPH)
Top of the 6th over - 0 runs, 1 hit, 0 errors, 1 left on base; Cincinnati (AZL) 2 - Cleveland (AZL) 2
BOTTOM OF THE 6TH
Cleveland (AZL) Guardians batting - Pitching for Cincinnati (AZL) Reds : LHP Pedro Martinez
Now in RF: John Wall
Batting: RHB Frank Gamez 0-0: Called Strike
0-1: Foul Ball, location: 9LMF
0-2: Strikes out swinging
Pitching: RHP Yoshinori Hashiguchi
Batting: RHB Sandy Ortega 0-0: Ground out 3-1 (Groundball, 34, EV 92.5 MPH)
Batting: RHB Jerry Samaniego 0-0: Ball
1-0: Called Strike
1-1: Ball
2-1: Ball
3-1: Called Strike
3-2: Strikes out swinging
Bottom of the 6th over - 0 runs, 0 hits, 0 errors, 0 left on base; Cincinnati (AZL) 2 - Cleveland (AZL) 2
TOP OF THE 7TH
Cincinnati (AZL) Reds batting - Pitching for Cleveland (AZL) Guardians : RHP Roberto Cruz
Batting: RHB Nick Guerin 0-0: Foul Ball, location: 2F
0-1: Swinging Strike
0-2: Ball
1-2: Ground out 6-3 (Groundball, 56, EV 80.6 MPH)
Batting: LHB Pedro Puente 0-0: Ball
1-0: Foul Ball, location: 3SF
1-1: Ground out U3 (Groundball, 34, EV 88.1 MPH)
Batting: SHB Willie Ruiz 0-0: Called Strike
0-1: Swinging Strike
0-2: Ball
1-2: Strikes out swinging
Top of the 7th over - 0 runs, 0 hits, 0 errors, 0 left on base; Cincinnati (AZL) 2 - Cleveland (AZL) 2
BOTTOM OF THE 7TH
Cleveland (AZL) Guardians batting - Pitching for Cincinnati (AZL) Reds : RHP Yoshinori Hashiguchi
Batting: LHB Jimmy Pirollo 0-0: Ball
1-0: Foul Ball, location: 5F
1-1: Foul Ball, location: 2F
1-2: Strikes out swinging
Pinch Hitting: LHB Franklin Vega 0-0: Called Strike
0-1: Fly out, F7 (Flyball, 7S, EV 85.0 MPH)
Batting: LHB Greg Novotney 0-0: Called Strike
0-1: Swinging Strike
0-2: Foul Ball, location: 2F
0-2: Foul Ball, location: 2F
0-2: Ball
1-2: SINGLE (Flyball, 34D, EV 94.4 MPH)
Pinch Hitting: SHB Nick Sage 0-0: Ball
1-0: Fly out, F8 (Line Drive, 89M, EV 89.4 MPH)
Bottom of the 7th over - 0 runs, 1 hit, 0 errors, 1 left on base; Cincinnati (AZL) 2 - Cleveland (AZL) 2
TOP OF THE 8TH
Cincinnati (AZL) Reds batting - Pitching for Cleveland (AZL) Guardians : RHP Roberto Cruz
Pitching: RHP Lorenzo Aguilar
Now at SS: Frank Campos
Now in LF: Nick Sage
Now in CF: Jerry Samaniego
Pinch Hitting: LHB Nick Emmons 0-0: Foul Ball, location: 7LDF
0-1: Foul Ball, location: 3FF
0-2: Ball
1-2: SINGLE (Flyball, 78S, EV 98.8 MPH)
Batting: LHB Steve Anderson 0-0: Ball
1-0: TRIPLE (Flyball, 89XD, EV 104.4 MPH)
Nick Emmons scores
Batting: SHB John Robinson 0-0: Intentional Walk
Pinch Hitting: SHB Mike Martin 0-0: Ball
1-0: Ball
2-0: Foul Ball, location: 23F
2-1: Foul Ball, location: 7LDF
2-2: Strikes out swinging
Batting: RHB Ramiro Sanchez 0-0: Ball
1-0: Foul Ball, location: 3FF
1-1: Swinging Strike
1-2: Strikes out swinging
Batting: SHB John Wall 0-0: Ball
1-0: Ball
2-0: Ball
3-0: Called Strike
3-1: Foul Ball, location: 3DF
3-2: Base on Balls
John Robinson to second
Pinch Hitting: RHB Mike Martino 0-0: Called Strike
0-1: SINGLE (Line Drive, 6MD, EV 98.1 MPH)
Steve Anderson scores
John Robinson to third
John Wall to second
Runner from 3rd tries for Home, SAFE, throw by CF to home
Batting: LHB Pedro Puente 0-0: Ball
1-0: Ball
2-0: Called Strike
2-1: SINGLE (Line Drive, 7S, EV 108.8 MPH)
John Wall to third
Mike Martino to second
Runner from 3rd tries for Home, SAFE, throw by LF to home
Pitching: RHP Nick Fitzgerald
Batting: SHB Willie Ruiz 0-0: Called Strike
0-1: Swinging Strike
0-2: Foul Ball, location: 9LSF
0-2: Ball
1-2: Ball
2-2: Ball
3-2: Foul Ball, location: 3DF
3-2: Foul Ball, location: 7LMF
3-2: Base on Balls
Mike Martino to third
Pedro Puente to second
Batting: LHB Nick Emmons 0-0: Swinging Strike
0-1: Called Strike
0-2: Strikes out looking
Top of the 8th over - 4 runs, 4 hits, 0 errors, 3 left on base; Cincinnati (AZL) 6 - Cleveland (AZL) 2
BOTTOM OF THE 8TH
Cleveland (AZL) Guardians batting - Pitching for Cincinnati (AZL) Reds : RHP Yoshinori Hashiguchi
Now at 1B: Travis Oakes
Now at 2B: Justin Flannery
Now at 3B: Bobby Rivers
Batting: RHB Steve Riley 0-0: Ball
1-0: Ball
2-0: Ball
3-0: Base on Balls
Batting: RHB Eddie Hall 0-0: Ball
1-0: Ball
2-0: Called Strike
2-1: Foul Ball, location: 2F
2-2: Foul Ball, location: 7LMF
2-2: Strikes out swinging
Pitching: LHP Antonio Chavez
Batting: RHB Frank Gamez 0-0: DOUBLE (Flyball, 8LXD, EV 104.4 MPH)
Steve Riley to third
Runner from 3rd tries for Home, SAFE, no throw by CF
Batting: RHB Sandy Ortega 0-0: Ball
1-0: Ball
2-0: Ball
3-0: Called Strike
3-1: Base on Balls
Batting: RHB Jerry Samaniego 0-0: Called Strike
0-1: Swinging Strike
0-2: Foul Ball, location: 3DF
0-2: Ball
1-2: Foul Ball, location: 23FF
1-2: Ball
2-2: Strikes out swinging
Pinch Hitting: RHB Chris Collins 0-0: Ball
1-0: Called Strike
1-1: SINGLE (Line Drive, 8RS, EV 104.4 MPH)
Frank Gamez to third
Sandy Ortega to second
Runner from 3rd tries for Home, SAFE, throw by CF to home
Sandy Ortega to third
Chris Collins to second
Pinch Hitting: RHB Mike McLaren 0-0: Called Strike
0-1: Ground out 4-3 (Groundball, 34, EV 100.0 MPH)
Bottom of the 8th over - 2 runs, 2 hits, 0 errors, 2 left on base; Cincinnati (AZL) 6 - Cleveland (AZL) 4
TOP OF THE 9TH
Cincinnati (AZL) Reds batting - Pitching for Cleveland (AZL) Guardians : RHP Nick Fitzgerald
Now at 3B: John Bradley
Now at SS: Alex Robinson
Pinch Hitting: RHB Alex Arredondo 0-0: Ball
1-0: Ball
2-0: TRIPLE (Line Drive, 9D, EV 108.8 MPH)
Batting: SHB John Robinson 0-0: Called Strike
0-1: Ball
1-1: Ball
2-1: Swinging Strike
2-2: Foul Ball, location: 2F
2-2: Ball
3-2: Strikes out swinging
Batting: RHB Bobby Rivers 0-0: Intentional Walk
Batting: RHB Ramiro Sanchez 0-0: Called Strike
0-1: SINGLE (Groundball, 34D, EV 98.8 MPH)
Alex Arredondo scores
Bobby Rivers to second
Batting: SHB John Wall 0-0: Called Strike
0-1: Fly out, F7 (Line Drive, 7LS, EV 96.9 MPH)
Batting: RHB Travis Oakes 0-0: Ball
1-0: Ball
2-0: Called Strike
2-1: Ball
3-1: Base on Balls
Bobby Rivers to third
Ramiro Sanchez to second
Pitching: LHP Freddy Jerge
Batting: RHB Juan Molina 0-0: Swinging Strike
0-1: Ball
1-1: Fly out, F7 (Flyball, 78S, EV 91.9 MPH)
Top of the 9th over - 1 run, 2 hits, 0 errors, 3 left on base; Cincinnati (AZL) 7 - Cleveland (AZL) 4
BOTTOM OF THE 9TH
Cleveland (AZL) Guardians batting - Pitching for Cincinnati (AZL) Reds : LHP Antonio Chavez
Now in CF: Danny Uriarte
Pinch Hitting: RHB Beau Schwenk 0-0: Called Strike
0-1: Ball
1-1: Called Strike
1-2: Strikes out swinging
Batting: SHB Nick Sage 0-0: Ball
1-0: Foul Ball, location: 2F
1-1: Ball
2-1: Ball
3-1: Base on Balls
Pinch Hitting: SHB Josh Boyett 0-0: Called Strike
0-1: Called Strike
0-2: Foul Ball, location: 2F
0-2: Strikes out looking
Batting: RHB Eddie Hall 0-0: Called Strike
0-1: Foul Ball, location: 2F
0-2: Foul Ball, location: 3FF
0-2: TRIPLE (Line Drive, 8RXD, EV 106.3 MPH)
Nick Sage scores
Pitching: RHP Alberto Latorres
Pinch Hitting: SHB Dennis Ewing 0-0: Foul Ball, location: 2F
0-1: Called Strike
0-2: Foul Ball, location: 2RF
0-2: Fly out, F5 (Popup, 5F, EV 74.4 MPH)
Bottom of the 9th over - 1 run, 1 hit, 0 errors, 1 left on base; Cincinnati (AZL) 7 - Cleveland (AZL) 5
Sunday, May 12th , 2024 - OOTP Baseball 24.11 Build 85